 Dungeon Crawl Stone Soup version 0.28-a0-479-g5baa6b73be (webtiles) character file.

Game seed: 13864371412130893132

450 bande the Chopper (level 7, -1/44 HPs)
             Began as a Gargoyle Fighter on Sept 18, 2021.
             Slain by a yak (5 damage)
             ... on level 3 of the Dungeon.
             The game lasted 00:08:01 (3649 turns).

bande the Chopper (Gargoyle Fighter)                Turns: 3649, Time: 00:08:02

Health: -1/44      AC: 31    Str: 21    XL:     7   Next: 4%
Magic:  7/7        EV:  6    Int: 10    God:
Gold:   195        SH:  4    Dex: 10    Spells: 6/6 levels left

rFire   . . .      SeeInvis .   a - +0 war axe
rCold   . . .      Faith    .   c - +0 buckler
rNeg    + . .      Spirit   .   b - +8 plate armour {ponderous}
rPois   ∞          Reflect  .   f - +0 helmet
rElec   +          Harm     .   (no cloak)
rCorr   .          Rampage  .   p - +0 pair of gloves
Will    +....                   (no boots)
Stlth   ..........              (no amulet)
HPRegen 0.14/turn               k - ring of Hinnif {rPois Will+ AC+4 Str+2}
MPRegen 0.10/turn               (no ring)

@: slow
A: sickness immunity, AC +4, negative energy resistance 1, electricity
resistance, torment resistance 1, petrification resistance, clever 1, weak 1
a: no special abilities


You were on level 3 of the Dungeon.
You visited 1 branch of the dungeon, and saw 4 of its levels.

You collected 195 gold pieces.

Inventory:

Hand Weapons
 a - a +0 war axe (weapon)
Armour
 b - a +8 plate armour of ponderousness (worn)
 c - a +0 buckler (worn)
 f - a +0 helmet (worn)
 h - a +0 chain mail
 p - a +0 pair of gloves (worn)
Jewellery
 k - the ring of Hinnif (left hand) {rPois Will+ AC+4 Str+2}
   (You acquired it on level 3 of the Dungeon)

   [ring of protection]

   AC:        It affects your AC (+4).
   Str:       It affects your strength (+2).
   rPois:     It protects you from poison.
   Will:      It increases your willpower.
Wands
 g - a wand of acid (7)
 j - a wand of flame (11)
 m - a wand of mindburst (22)
Scrolls
 r - a scroll of identify
 s - a scroll of vulnerability {unknown}
 t - a scroll of fog {unknown}
Potions
 d - a potion of might
 e - a potion of resistance
 i - a potion of berserk rage {unknown}
 l - 2 potions of curing
 n - a potion of ambrosia {unknown}
 o - a potion of brilliance {unknown}
 q - 2 potions of magic


   Skills:
 + Level 4.3 Fighting
 + Level 4.8 Axes
 + Level 4.3 Armour
 + Level 4.3 Shields
 * Level 1.4 Evocations


You had 6 spell levels left.
You didn't know any spells.
Your spell library contained the following spells:

 Spells                   Type           Power      Damage    Failure   Level
 Dazzling Flash           Conj/Hex       0%         N/A       100%        3
 Gell's Gravitas          Tloc           0%         N/A       100%        3
 Teleport Other           Tloc           0%         N/A       100%        3
 Agony                    Necr           0%         N/A       100%        5
 Silence                  Hex/Air        0%         N/A       100%        5
 Dispersal                Tloc           0%         N/A       100%        6


Dungeon Overview and Level Annotations

Branches:
Dungeon (4/15)
 Temple: D:4-7

Altars:
Hepliaklqana
Nemelex Xobeh


Innate Abilities, Weirdness & Mutations

You are immune to sickness and miasma.
Your stone body is resilient. (AC +4)
You are immune to poison.
You resist negative energy. (rN+)
You are resistant to electric shocks. (rElec)
You are resistant to unholy torment.
You are immune to petrification.
Your mind is acute. (Int +2)
You are weak. (Str -2)


Message History

You are too injured to fight recklessly!
You are too injured to fight recklessly!
You are too injured to fight recklessly!
You are too injured to fight recklessly!
You are too injured to fight recklessly!
You barely miss the yak.
The yak is heavily wounded.
You slash the yak! The yak gores you but does no damage. The yak gores you.
* * * LOW HITPOINT WARNING * * *
You slash the yak!
The yak is severely wounded.
You hit the yak.
The yak gores you but does no damage. x2
You block the yak's attack.
Your plate armour prevents you from hitting the yak.
The yak is severely wounded.
You hit the yak but do no damage. The yak gores you but does no damage.
You block the yak's attack. x2
Unknown command.
Your plate armour prevents you from hitting the yak.
The yak is severely wounded.
You barely miss the yak. The yak closely misses you. The yak barely misses you.
Unknown command.
You slash the yak!
The yak is heavily wounded.
You hit the yak but do no damage. The yak gores you but does no damage.
You block the yak's attack.
You barely miss the yak.
The yak is heavily wounded.
You closely miss the yak. The yak closely misses you. The yak gores you.
* * * LOW HITPOINT WARNING * * *
The yak gores you but does no damage.
You closely miss the yak.
The yak is heavily wounded.
You hit the yak.
You block the yak's attack. x2; The yak gores you!
* * * LOW HITPOINT WARNING * * *
Unknown command.
You slash the yak!
The yak is almost dead.
You barely miss the yak. The yak barely misses you. The yak gores you.
You die...

#....#####.................
#.................#........
#.................#........
#.................#........
#.................#........
####..............#........
#..............#........
#######Y#......#........ #...#
#@Y.)....+........ #...#
###......#........ #...#
##.##........... #######...###
#..............
#...........####..#.##........
####..........................
######.#.#.................
#.#.........##........
#.#.#.##.<..##........


You could see 2 yaks.

Vanquished Creatures
  A yak (D:3)
  A scorpion (D:4)
  A water moccasin skeleton (D:3)
  A jelly (D:4)
  Jessica (D:2)
  Robin (D:3)
  3 adders
  An ufetubus (D:4)
  2 worms
  2 dart slugs (D:2)
  6 orcs (D:3)
  9 bats
  6 endoplasms
  A giant cockroach (D:1)
  12 hobgoblins
  4 jackals (D:1)
  6 quokkas
  3 ball pythons (D:1)
  5 frilled lizards
  13 goblins
  9 kobolds
  4 rats
92 creatures vanquished.

Vanquished Creatures (others)
  2 plants (D:1)
2 creatures vanquished.

Grand Total: 94 creatures vanquished

Notes
Turn   | Place    | Note
-------+----------+-------------------------------------------
     0 | D:1      | bande the Gargoyle Fighter began the quest for the Orb.
     0 | D:1      | Reached XP level 1. HP: 14/14 MP: 1/1
   114 | D:1      | Reached XP level 2. HP: 17/19 MP: 2/2
   315 | D:1      | Found a faded altar of an unknown god.
   527 | D:1      | Reached XP level 3. HP: 15/23 MP: 3/3
  1395 | D:2      | Identified a scroll of acquirement
  1395 | D:2      | Acquired a +8 plate armour of ponderousness
  1478 | D:2      | Noticed Jessica
  1482 | D:2      | Killed Jessica
  1483 | D:2      | Reached XP level 4. HP: 27/29 MP: 4/4
  1856 | D:2      | Found a sparkling altar of Nemelex Xobeh.
  2359 | D:3      | Acquired the ring of Hinnif {rPois Will+ AC+4 Str+2}
  2384 | D:3      | Gained mutation: You are weak. (Str -2) [potion of
                  | mutation]
  2384 | D:3      | Gained mutation: Your mind is acute. (Int +2) [potion of
                  | mutation]
  2681 | D:3      | Reached XP level 5. HP: 29/33 MP: 5/5
  2779 | D:3      | Noticed Robin
  2788 | D:3      | Killed Robin
  2996 | D:3      | Found a hazy altar of Hepliaklqana.
  3160 | D:4      | Identified the +1 ring mail "Joyluff" {Will+}
  3165 | D:4      | Reached XP level 6. HP: 34/38 MP: 6/6
  3381 | D:4      | Reached skill level 1 in Evocations
  3418 | D:4      | Found Cira's Overcharged Wands.
  3443 | D:4      | Noticed a yak
  3443 | D:4      | Noticed a yak
  3443 | D:4      | Noticed a yak
  3443 | D:4      | Noticed a yak
  3443 | D:4      | Noticed a yak
  3488 | D:3      | Killed a yak
  3489 | D:3      | Reached XP level 7. HP: 24/44 MP: 7/7
  3649 | D:3      | Slain by a yak

Illustrated notes

Levels and vault maps discovered:
D:1:      dpeg_arrival_renting, layout_basic,
          hellmonk_ecumenical_altar_heavens_door, kennysheep_another_room,
          serial_bayou_ford_a, dk_noncrumbling_4
D:2:      layout_loops_corners, basic_altar, uniq_jessica
D:3:      layout_basic, mainiacjoe_overflow_boulevard,
          kennysheep_generic_room_10, uniq_robin
D:4:      layout_loops_corners, corexii_hall_statues_deadend, st_stairs_8,
          nicolae_shop_overcharged_wands

Skill      XL: |  1  2  3  4  5  6 |
---------------+-------------------+-----
Axes           | 2 3 4 |  4.8
Armour         | 4 |  4.3
Fighting       | 4 |  4.3
Shields        | 4 |  4.3
Evocations     | 1 |  1.4

Action                   |  1- 3 |  4- 6 |  7- 9 || total
-------------------------+-------+-------+-------++-------
Melee: War axe           |   100 |   168 |    10 ||   278
  Use: Scroll            |     2 |     6 |       ||     8
       Potion            |       |     1 |       ||     1
Armor: Scale mail        |    43 |       |       ||    43
       Plate armour      |    16 |   177 |     9 ||   202
       Chain mail        |    16 |       |       ||    16
Dodge: Dodged            |    53 |    65 |     6 ||   124
Block: Buckler           |    17 |    43 |     7 ||    67

Table legend: (Time is in decaauts)
 A = Elapsed time spent in this place.
 B = Non-inter-level travel time spent in this place.
 C = Inter-level travel time spent in this place.
 D = Time resting spent in this place.
 E = Time spent auto-exploring this place.
 F = Levels seen in this place.
 G = Mean time per level.
                   A        B        C        D        E       F      G
               +--------+--------+--------+--------+--------+-----+--------+
         Total |   3919 |   3902 |     17 |    452 |   2502 |   4 |  979.8 |
       Dungeon |   3919 |   3902 |     17 |    452 |   2502 |   4 |  979.8 |
               +--------+--------+--------+--------+--------+-----+--------+

Top non-repeatable levels by time:
     D:1: 1377 daAuts
     D:2: 1085 daAuts
     D:3: 1067 daAuts
     D:4: 389 daAuts
